 Dungeon Crawl Stone Soup version 0.30-a0-310-g7d6cbdfea6 (webtiles) character file.

Game seed: 7021685804870426907

2474 billz999 the Skirmisher (level 9, -5/79 HPs)
             Began as a Minotaur Hunter on Oct 25, 2022.
             Was a Priest of Cheibriados.
             Slain by a deep troll (8 damage)
             ... on level 7 of the Dungeon.
             The game lasted 00:15:19 (6598 turns).

billz999 the Skirmisher (Minotaur Hunter)           Turns: 6598, Time: 00:15:20

Health: -5/79      AC: 15    Str: 25 (27) XL:     9   Next: 26%
Magic:  5/8        EV: 10    Int: 12 (13) God:    Cheibriados [***...]
Gold:   136        SH:  0    Dex: 25 (27) Spells: 8/8 levels left

rFire   . . .      SeeInvis .    b - +1 morningstar (protect)
rCold   . . .      Faith    .    (no shield)
rNeg    . . .      Spirit   .    Q - +0 chain mail
rPois   .          Reflect  .    (helmet restricted)
rElec   .          Harm     .    B - +0 cloak
rCorr   .          Rampage  .    o - +0 pair of gloves
Will    .....                    D - +2 pair of boots
Stlth   ..........               (no amulet)
HPRegen 0.33/turn                y - +6 ring of dexterity
MPRegen 0.11/turn                (no ring)

@: attractive, flying, very slow
A: horns 2, retaliatory headbutt
a: Renounce Religion, Bend Time, Temporal Distortion


You were on level 7 of the Dungeon.
You worshipped Cheibriados.
Cheibriados was most pleased with you.
You visited 1 branch of the dungeon, and saw 7 of its levels.
You also visited: Sewer.

You collected 278 gold pieces.
You spent 142 gold pieces at shops.

Inventory:

Hand Weapons
 a - a +0 shortbow
 b - a +1 morningstar of protection (weapon)
 e - a +0 war axe
 E - a +0 dagger
Missiles
 l - 3 javelins
 K - 3 boomerangs of dispersal
Armour
 o - a +0 pair of gloves (worn)
 B - a +0 cloak (worn)
 D - a +2 pair of boots (worn)
 Q - a +0 chain mail (worn)
Jewellery
 y - a +6 ring of dexterity (left hand)
 z - a ring of fire
 R - a ring of fire
Wands
 c - a wand of charming (8)
 x - a wand of roots (4)
 A - a wand of acid (14)
 N - a wand of polymorph (5)
Scrolls
 d - 2 scrolls of summoning
 f - a scroll of immolation
 j - 5 scrolls of poison
 k - a scroll of noise {unknown}
 q - 2 scrolls of butterflies {unknown}
 s - 3 scrolls of torment
 t - 4 scrolls of amnesia
 u - 2 scrolls of fear {unknown}
 C - a scroll of identify
 F - a scroll of acquirement {unknown}
 I - a scroll of magic mapping {unknown}
 J - a scroll of enchant weapon {unknown}
 L - a scroll of enchant armour {unknown}
 P - a scroll of blinking {unknown}
Potions
 g - 3 potions of berserk rage
 h - a potion of lignification
 p - 3 potions of flight
 r - a potion of degeneration
 v - 3 potions of haste
 G - a potion of might {unknown}
 H - a potion of invisibility {unknown}
 M - a potion of resistance
 O - a potion of heal wounds


   Skills:
 * Level 7.4 Fighting
 - Level 5.9 Axes
 * Level 9.2 Ranged Weapons
 - Level 4.3 Armour
 - Level 3.2 Dodging
 - Level 2.3 Stealth
 + Level 3.2 Evocations


You had 8 spell levels left.
You didn't know any spells.
Your spell library contained the following spells:

 Spells                   Type           Power      Damage    Failure   Level
 Foxfire                  Conj/Fire      0%         2x1d4     91%         1
 Fireball                 Conj/Fire      0%         3d3       100%        5
 Starburst                Conj/Fire      0%         6d3       100%        6


Dungeon Overview and Level Annotations

Branches:
Dungeon (7/15)              Sewer (visited)
 Temple: D:4-7

Altars:
Ashenzari
Cheibriados
Hepliaklqana
Uskayaw

Shops:
D:4 *   D:6 (

Annotations:
D:3 3 runed translucent doors, bchevrier's ghost, amateur GnWn


Innate Abilities, Weirdness & Mutations

You have a pair of horns on your head.
You reflexively headbutt those who attack you in melee.


Message History

You feel attractive to monsters. The deep troll barely misses you.
The deep troll claws you! x2
Okay, then.
It was a potion of curing.
You feel better. The deep troll barely misses you. You furiously retaliate!
You headbutt the deep troll!
The deep troll claws you but does no damage. x2
As you read the scroll of teleportation, it crumbles to dust.
You feel strangely unstable. The deep troll bites you.
The deep troll claws you but does no damage.
The deep troll closely misses you. The deep troll misses you.
The deep troll barely misses you. The deep troll claws you!
The orc priest is attracted toward you. The orc is attracted toward you.
Your surroundings seem slightly different.
The deep troll is attracted toward you. x3; Something is attracted toward you.
The deep troll attacks as you move away!
The deep troll bites you but does no damage.
The deep troll closely misses you. The deep troll claws you.
Something is attracted toward you.
Okay, then.
The flow of time bends around you.
The deep troll easily resists.
Cheibriados lowers the support of your attributes as your movement quickens.
The deep troll closely misses you. The deep troll claws you!
* * * LOW HITPOINT WARNING * * *
The deep troll misses you. The orc priest is attracted toward you.
The orc is attracted toward you.
The deep troll attacks as you move away!
The deep troll bites you.
* * * LOW HITPOINT WARNING * * *
The deep troll claws you.
* * * LOW HITPOINT WARNING * * *
The deep troll claws you but does no damage.
The orc is attracted toward you.
The deep troll attacks as you move away!
The deep troll bites you.
* * * LOW HITPOINT WARNING * * *
The deep troll claws you.
* * * LOW HITPOINT WARNING * * *
The deep troll claws you!
You die...

#§#####.# #.# #.#
#.#####.####.####.#
#§##..............#
####.##.##.####.#.##.##
#....§.....# #.#.##...
#....o###..# #....[... #...#
#...{o# #.## #.####... #...#
#....T###.# #.####.#. #...#
#..#TT@..)#####......#. #...#
#..#.##...)..#######...
##...######..#.##.#.#.....# #.##
..........#......<#.#.....# #.#
..................#.......####.##
<.........###..##.###.....#......
..†..###### #..##.###.....#.##.##
#....# #...#......####.##.#
##....# #.#.#.#########.##.#


You could see 3 deep trolls, an orc priest and an orc.

Vanquished Creatures
  5 water moccasins
  Pargi (Sewer)
  A sky beast (D:6)
  2 ogres
  A centaur (D:6)
  2 phantoms
  A kobold brigand (D:6)
  A bullfrog (D:7)
  3 necrophages
  A scorpion (D:5)
  4 killer bees
  3 orc priests
  A gnoll bouda (D:6)
  6 hounds
  6 iguanas
  2 orc wizards (D:4)
  8 gnolls
  8 adders
  5 worms
  4 dart slugs
  22 orcs
  14 ball pythons
  3 bats (D:2)
  4 endoplasms
  6 giant cockroaches
  8 goblins
  6 hobgoblins
  9 jackals
  7 kobolds
  4 quokkas
  5 frilled lizards
  13 rats
166 creatures vanquished.

Notes
Turn   | Place    | Note
-------+----------+-------------------------------------------
     0 | D:1      | billz999 the Minotaur Hunter began the quest for the Orb.
     0 | D:1      | Reached XP level 1. HP: 18/18 MP: 0/0
   112 | D:1      | Reached skill level 1 in Stealth
   246 | D:1      | Reached XP level 2. HP: 22/25 MP: 1/1
   656 | D:1      | Found a faded altar of an unknown god.
   822 | D:1      | Reached XP level 3. HP: 30/30 MP: 2/2
  1073 | D:2      | Reached skill level 5 in Ranged Weapons
  1447 | D:2      | Reached XP level 4. HP: 38/38 MP: 3/3
  2151 | D:3      | Noticed bchevrier's ghost (amateur GnWn)
  2152 | D:3      | Found a runed translucent gate.
  2157 | D:3      | Found a runed translucent gate.
  2157 | D:3      | Found a runed translucent gate.
  2221 | D:3      | Found a snail-covered altar of Cheibriados.
  2726 | D:3      | Became a worshipper of Cheibriados the Contemplative
  2856 | D:4      | Reached XP level 5. HP: 12/45 MP: 4/4
  3047 | D:4      | Found Zinwiulute's CLEARANCE SALE!.
  3052 | D:4      | Bought a scroll of teleportation for 12 gold pieces
  3078 | D:4      | Noticed a phantom
  3085 | D:4      | Killed a phantom
  3086 | D:4      | Reached skill level 1 in Armour
  3145 | D:4      | Reached * piety under Cheibriados
  3146 | D:4      | Reached skill level 6 in Ranged Weapons
  3165 | D:4      | Reached XP level 6. HP: 38/52 MP: 5/5
  3302 | D:4      | Found a glowing drain.
  3318 | Sewer    | Entered a sewer
  3354 | Sewer    | Noticed Pargi
  3365 | Sewer    | Killed Pargi
  3366 | Sewer    | Reached skill level 1 in Axes
  3910 | D:4      | Reached XP level 7. HP: 60/60 MP: 6/6
  3946 | D:5      | Entered Level 5 of the Dungeon
  4033 | D:5      | Reached ** piety under Cheibriados
  4123 | D:5      | Found a hide-covered altar of Uskayaw.
  4172 | D:5      | Reached skill level 7 in Ranged Weapons
  4421 | D:5      | Reached skill level 5 in Fighting
  4502 | D:5      | Reached skill level 1 in Evocations
  4502 | D:5      | Reached XP level 8. HP: 68/68 MP: 7/7
  4586 | D:5      | Reached skill level 5 in Axes
  4959 | D:4      | Bought a +0 chain mail for 18 gold pieces
  5152 | D:6      | Reached skill level 8 in Ranged Weapons
  5336 | D:6      | Reached *** piety under Cheibriados
  5602 | D:6      | Found a hazy altar of Hepliaklqana.
  5604 | D:6      | Found a faded altar of an unknown god.
  5903 | D:6      | Reached XP level 9. HP: 47/78 MP: 8/8
  6036 | D:6      | Found Efaluacw's Antique Weapon Shoppe.
  6041 | D:6      | Bought a glowing morningstar for 112 gold pieces
  6066 | D:6      | Reached skill level 9 in Ranged Weapons
  6314 | D:7      | Found a broken altar of Ashenzari.
  6580 | D:7      | Noticed a deep troll
  6580 | D:7      | Noticed a deep troll
  6581 | D:7      | Noticed a deep troll
  6598 | D:7      | HP: 3/79 [deep troll (4)]
  6598 | D:7      | Slain by a deep troll

Illustrated notes

Levels and vault maps discovered:
D:1:      minmay_arrival_solitary_statue, layout_basic,
          ebering_ecumenical_altar_webs, chequers_garden, st_stairs_10
D:2:      kennysheep_big_flooded_room, layout_loops_corners
D:3:      layout_loops_ring, kennysheep_slug_shrine, gammafunk_ghost_split
D:4:      layout_gridville, portal_sewer_entry_b, nicolae_shop_clearance
D:5:      layout_basic, mainiacjoe_overflow_boulevard
D:6:      layout_loops_ring, beargit_hepliaklqana_dungeon_heroes, serial_shops,
          nicolae_shop_hallway_plus, minmay_misc_feat_cross
D:7:      layout_loops_cross, nicolae_ashenzari_skybound,
          lemuel_temple_firewalk_a, grunt_decor_cap,
          hellmonk_guarded_unrand_vitality_bloodlust

Skill      XL: |  1  2  3  4  5  6  7  8  9 |
---------------+----------------------------+-----
Stealth        | 1 2 |  2.3
Fighting       | 3 4 5 6 7 |  7.4
Ranged Weapons | 5 6 7 8 9 |  9.2
Dodging        | 3 |  3.2
Armour         | 2 3 4 |  4.3
Axes           | 2 4 5 |  5.9
Evocations     | 1 2 3 |  3.2

Action                   |  1- 3 |  4- 6 |  7- 9 || total
-------------------------+-------+-------+-------++-------
Melee: Dagger            |    29 |    11 |       ||    40
       Headbutt          |     4 |     6 |     8 ||    18
       Short sword       |     1 |       |       ||     1
       War axe           |       |     5 |    17 ||    22
       Morningstar       |       |       |    14 ||    14
       Punch             |       |       |     2 ||     2
 Fire: Shortbow          |    97 |   185 |   197 ||   479
Invok: Bend Time         |       |       |     1 ||     1
Evoke: Wand              |       |     1 |     2 ||     3
  Use: Scroll            |       |     4 |     4 ||     8
       Potion            |       |       |     6 ||     6
Armor: Leather armour    |    16 |     6 |       ||    22
       Scale mail        |       |    64 |    21 ||    85
       Chain mail        |       |       |    78 ||    78
Dodge: Dodged            |    44 |    64 |    83 ||   191

Table legend: (Time is in decaauts)
 A = Elapsed time spent in this place.
 B = Non-inter-level travel time spent in this place.
 C = Inter-level travel time spent in this place.
 D = Time resting spent in this place.
 E = Time spent auto-exploring this place.
 F = Levels seen in this place.
 G = Mean time per level.
                   A        B        C        D        E       F      G
               +--------+--------+--------+--------+--------+-----+--------+
         Total |   7917 |   7395 |    522 |    151 |   5983 |   8 |  989.6 |
       Dungeon |   7654 |   7132 |    522 |    151 |   5806 |   7 | 1093.4 |
         Sewer |    263 |    263 |      0 |      0 |    177 |   1 |  263.0 |
               +--------+--------+--------+--------+--------+-----+--------+

Top non-repeatable levels by time:
     D:6: 1635 daAuts
     D:5: 1545 daAuts
     D:4: 1146 daAuts
     D:2: 1106 daAuts
     D:1: 969 daAuts
     D:3: 890 daAuts
     D:7: 360 daAuts
   Sewer: 263 daAuts
